 Dungeon Crawl Stone Soup version 0.31-a0-618-g7ca08c1ff9 (webtiles) character file.

Game seed: 15404568706905639635

1038 senseless the Trooper (level 8, -5/121 HPs)
             Began as an Ogre Shapeshifter on Aug 22, 2023.
             Was a Believer of Cheibriados.
             Slain by an orc wizard
             ... wielding a +1 dagger of distortion
              (20 damage)
             ... on level 6 of the Dungeon.
             The game lasted 00:11:46 (4847 turns).

senseless the Trooper (Ogre Shapeshifter)           Turns: 4847, Time: 00:11:47

Health: -5/121     AC: 24    Str: 26    XL:     8   Next: 24%
Magic:  0/8        EV:  1    Int: 13    God:    Cheibriados [**....]
Gold:   323        SH:  0    Dex: 19    Spells: 7/7 levels left

rFire   . .          .
                       - Unarmed
rCold   . . .        (no shield)
rNeg    . . .        a - melded +0 animal skin
rPois   +            (helmet currently unavailable)
rElec   .            (cloak currently unavailable)
rCorr   .            (gloves unavailable)
SInv    .            (boots unavailable)
Will    .....        q - amulet of guardian spirit
Stlth   ++           n - +6 ring of dexterity
HPRegen 0.40/turn    l - +5 ring of evasion
MPRegen 0.11/turn

%: guardian spirit
@: tree-form, very slow
A: stationary, stasis, torment immunity, boosted hp, large, unfitting armour,
(tough skin 1)
a: Renounce Religion, Bend Time


You were on level 6 of the Dungeon.
You worshipped Cheibriados.
Cheibriados was pleased with you.
You were a tree.
You visited 1 branch of the dungeon, and saw 6 of its levels.

You collected 323 gold pieces.

Inventory:

Hand Weapons
 f - a +0 giant spiked club
 k - a +0 giant club
 A - a +1 hand axe of electrocution
Missiles
 j - 4 silver javelins
 o - 3 poisoned darts
 x - a throwing net (quivered)
Armour
 a - a +0 animal skin (melded)
 m - a scarf of repulsion
 t - a +0 cloak
Jewellery
 i - a ring of protection from cold
 l - a +5 ring of evasion (right branch)
 n - a +6 ring of dexterity (left branch)
 q - an amulet of guardian spirit (around neck)
 u - a ring of see invisible
 z - a ring of magical power
Talismans
 c - a beast talisman
 d - a flux talisman
Wands
 r - a wand of mindburst (13)
Scrolls
 p - a scroll of amnesia
Potions
 e - a potion of brilliance
 g - a potion of might {unknown}
 h - 2 potions of attraction
 B - 2 potions of mutation
 C - a potion of magic


   Skills:
 + Level 5.6 Fighting
 + Level 3.8 Throwing
 + Level 4.1 Dodging
 + Level 4.6 Unarmed Combat
 + Level 4.8 Shapeshifting


You had 7 spell levels left.
You didn't know any spells.
Your spell library contained the following spells:

 Spells                   Type           Power      Damage    Failure   Level
 Ensorcelled Hibernation  Hex/Ice        0%         N/A       43%         2
 Passwall                 Tmut/Erth      0%         N/A       43%         2
 Portal Projectile        Hex/Tloc       0%         N/A       67%         3
 Stone Arrow              Conj/Erth      0%         3d7       67%         3
 Swiftness                Air            0%         N/A       67%         3
 Tukima's Dance           Hex            0%         N/A       67%         3
 Anguish                  Hex/Necr       0%         N/A       97%         4
 Animate Armour           Summ/Erth      0%         N/A       97%         4
 Iskenderun's Mystic Bla  Conj/Tloc      0%         2d3       97%         4
 Summon Lightning Spire   Summ/Air       0%         N/A       97%         4
 Lee's Rapid Deconstruct  Erth           0%         3d4*      100%        5
 Lehudib's Crystal Spear  Conj/Erth      0%         10d2      100%        8


Dungeon Overview and Level Annotations

Branches:
Dungeon (6/15)
 Temple: D:4-7

Altars:
Cheibriados
Nemelex Xobeh
Qazlal
Ru
Trog
Xom

Annotations:
D:4 2 runed translucent doors, Nebesus's ghost, amateur AtFi


Innate Abilities, Weirdness & Mutations

You are a tree.
Your roots penetrate the ground, keeping you stationary.
You cannot be teleported.
You are immune to unholy pain and torment.
Your maximum health is greatly increased.
Your equipment is partially melded.
You are too large for most types of armour.
((You have tough skin. (AC +1)))


Message History

You closely miss the orc warrior. You closely miss the orc warrior.
The orc warrior misses you.
You hit the orc warrior.
The orc warrior is lightly wounded.
The orc warrior hits you with a +0 battleaxe!!
The orc wizard casts a spell.
The orc wizard flickers and vanishes!
Deactivating autopickup; reactivate with Ctrl-A.
You hear a shout!
The orc priest shouts!
You hit the orc warrior but do no damage.
The orc warrior is lightly wounded.
The orc warrior hits you with a +0 battleaxe.
The orc priest mumbles some strange prayers to Beogh against you.
Beogh smites you!
You hear some strange, mumbled words.
A puff of flame appears from out of thin air!
The puff of flame hits you!
You hit the orc warrior but do no damage.
The orc warrior is lightly wounded.
The orc warrior hits you with a +0 battleaxe!
The orc priest mumbles some strange prayers to Beogh against you.
Beogh smites you!
* * * LOW HITPOINT WARNING * * *
Something closely misses you.
Okay, then.
Your transformation has ended.
You turn into a tree.
Your +0 animal skin melds into your body.
Your roots penetrate the ground.
The orc warrior hits you with a +0 battleaxe.
* * * LOW HITPOINT WARNING * * *
An orc priest comes into view. It is wielding a +0 hand axe.
Something hits you but does no damage. Space warps around you.
* * * LOW HITPOINT WARNING * * *
You pummel the orc warrior!!
The orc warrior is almost dead.
The orc warrior hits you with a +0 battleaxe.
* * * LOW HITPOINT WARNING * * *
Something hits you but does no damage. Space warps horribly around you!!
You die...

#.. .. #... ..
.......#..##.#...##.#
..................o..
#.......>......o...
#...............#
#............o. .
#............# ...
..#....## #...#....
#......♣####....#
...#..{o#.....#.#
#.##....o.)...#.#
...####...........
#..#..............
##..................
#...................
..#.................
. .#
#................. .


You could see an orc warrior and an orc priest.

Vanquished Creatures
  A black bear (D:5)
  4 ogres
  A scorpion (D:5)
  A jelly (D:5)
  A hound (D:6)
  Crazy Yiuf (D:3)
  4 orc priests
  2 iguanas (D:5)
  6 orc wizards
  4 adders
  An ufetubus (D:5)
  2 worms (D:3)
  5 dart slugs
  18 orcs
  8 ball pythons
  3 bats (D:1)
  3 endoplasms
  A giant cockroach (D:1)
  4 goblins
  4 hobgoblins
  4 jackals (D:1)
  A quokka (D:3)
  6 frilled lizards
  9 kobolds
  6 rats
100 creatures vanquished.

Notes
Turn   | Place    | Note
-------+----------+-------------------------------------------
     0 | D:1      | senseless the Ogre Shapeshifter began the quest for the
                  | Orb.
     0 | D:1      | Reached XP level 1. HP: 19/19 MP: 1/1
   152 | D:1      | Reached XP level 2. HP: 28/28 MP: 2/2
   254 | D:1      | Reached skill level 2 in Fighting
   544 | D:1      | Reached XP level 3. HP: 35/35 MP: 3/3
  1779 | D:3      | Reached skill level 1 in Throwing
  1831 | D:3      | Reached XP level 4. HP: 44/44 MP: 4/4
  1901 | D:3      | Found a shimmering altar of Xom.
  1903 | D:3      | Found a shimmering altar of Xom.
  1903 | D:3      | Found a shimmering altar of Xom.
  1903 | D:3      | Found a shimmering altar of Xom.
  1905 | D:3      | Found a shimmering altar of Xom.
  1905 | D:3      | Found a shimmering altar of Xom.
  1913 | D:3      | Found a shimmering altar of Xom.
  2009 | D:3      | Found a snail-covered altar of Cheibriados.
  2159 | D:3      | Became a worshipper of Cheibriados the Contemplative
  2303 | D:3      | Found a runed translucent door.
  2304 | D:3      | Noticed Crazy Yiuf
  2317 | D:3      | Killed Crazy Yiuf
  2510 | D:4      | Reached skill level 3 in Fighting
  2510 | D:4      | Reached XP level 5. HP: 37/53 MP: 3/5
  2605 | D:4      | Found a runed translucent door.
  2607 | D:4      | Noticed Nebesus's ghost (amateur AtFi)
  2881 | D:4      | Reached * piety under Cheibriados
  2885 | D:4      | Reached XP level 6. HP: 50/62 MP: 4/6
  3002 | D:4      | Found a sacrificial altar of Ru.
  3264 | D:4      | Found a bloodstained altar of Trog.
  3312 | D:4      | Found a runed translucent door.
  3447 | D:5      | Entered Level 5 of the Dungeon
  3551 | D:5      | Found Huqephew's Weapon Shoppe.
  3609 | D:5      | Reached skill level 4 in Fighting
  3670 | D:5      | Noticed a black bear
  3706 | D:5      | Killed a black bear
  3707 | D:5      | Reached XP level 7. HP: 18/71 MP: 1/7
  4249 | D:5      | Reached skill level 5 in Fighting
  4255 | D:5      | Reached XP level 8. HP: 23/80 MP: 1/8
  4567 | D:6      | Found a sparkling altar of Nemelex Xobeh.
  4567 | D:6      | Found a stormy altar of Qazlal.
  4588 | D:5      | Reached ** piety under Cheibriados
  4847 | D:6      | Slain by an orc wizard

Illustrated notes

Levels and vault maps discovered:
D:1:      ncdulo_watergridlock, layout_loops_cross
D:2:      kennysheep_big_flooded_room, layout_basic, minmay_tromino_i2
D:3:      layout_loops_ring, kennysheep_slug_shrine, nicolae_xom_altar_mimics,
          uniq_crazy_yiuf_cottage
D:4:      layout_loops_ring, lightli_temple_of_fire, mainiacjoe_overflow_paths,
          ebering_ghost_sewer_f
D:5:      layout_basic, serial_shops, shop
D:6:      layout_cave_pools, general_overflow_altar,
          chequers_temple_overflow_statue_of_worship

Skill      XL: |  1  2  3  4  5  6  7  8 |
---------------+-------------------------+-----
Dodging        | 2 3 4 |  4.1
Fighting       | 2 3 4 5 |  5.6
Unarmed Combat | 3 4 |  4.6
Throwing       | 1 2 3 |  3.8
Shapeshifting  | 4 |  4.8

Action                     |  1- 3 |  4- 6 |  7- 9 || total
---------------------------+-------+-------+-------++-------
  Melee: Unarmed           |    98 |   149 |    94 ||   341
         Punch             |     1 |     3 |     4 ||     8
  Throw: Throwing net      |       |     1 |       ||     1
    Use: Scroll            |       |    12 |     1 ||    13
         Potion            |       |       |     2 ||     2
   Stab: Sleeping          |     3 |     2 |     1 ||     6
         Distracted        |       |     1 |       ||     1
 Armour: Animal skin       |    23 |    20 |    16 ||    59
         Skin              |       |       |     2 ||     2
  Dodge: Dodged            |    43 |    94 |    51 ||   188

Table legend: (Time is in decaauts)
 A = Elapsed time spent in this place.
 B = Non-inter-level travel time spent in this place.
 C = Inter-level travel time spent in this place.
 D = Time resting spent in this place.
 E = Time spent auto-exploring this place.
 F = Levels seen in this place.
 G = Mean time per level.
                   A        B        C        D        E       F      G
               +--------+--------+--------+--------+--------+-----+--------+
         Total |   5380 |   5134 |    246 |    143 |   4153 |   6 |  896.7 |
       Dungeon |   5380 |   5134 |    246 |    143 |   4153 |   6 |  896.7 |
               +--------+--------+--------+--------+--------+-----+--------+

Top non-repeatable levels by time:
     D:5: 1481 daAuts
     D:4: 1195 daAuts
     D:3: 959 daAuts
     D:2: 836 daAuts
     D:1: 746 daAuts
     D:6: 160 daAuts
